 Dungeon Crawl Stone Soup version 0.21-a0-538-gd16b88a (webtiles) character file.

270176 Amnesiac the Whirler (level 21, -16/154 HPs)
             Began as a Halfling Fighter on Dec 16, 2017.
             Was the Champion of Okawaru.
             Killed from afar by a spriggan air mage (22 damage)
             ... with a bolt of lightning
             ... on level 4 of the Depths.
             The game lasted 01:35:32 (36269 turns).

Amnesiac the Whirler (Halfling Fighter)            Turns: 36269, Time: 01:35:33

Health: -16/154    AC: 38    Str: 32    XL:     21   Next: 86%
Magic:  0/30       EV: 21    Int: 18    God:    Okawaru [******]
Gold:   963        SH: 10    Dex: 20    Spells: 3/20 levels left

rFire    + + +     SeeInvis .   a - +8 hunting sling of Victory {freeze, Str+4}
rCold    + + .     Gourm    .   v - +0 buckler "Cumuq" {rF++ Str+4}
rNeg     . . .     Faith    .   X - +6 gold dragon scales
rPois    +         Spirit   +   O - +0 hat {Int+3}
rElec    .         Reflect  .   m - +2 cloak {rPois}
rCorr    .         Harm     .   n - +2 pair of gloves {Dex+3}
MR       ++...                  T - +2 pair of boots {Stlth+}
Stlth    ..........             i - amulet of guardian spirit
HPRegen  0.35/turn              E - ring "Nere" {*Contam rC+ Str+4 Int+2 Slay+4}
MPRegen  0.22/turn              P - +6 ring of slaying

@: brilliant
A: small, antennae 1, clever 1, magic resistance 1, mutation resistance 1, weak
2, subdued magic 2, MP-powered wands
a: Heroism, Finesse, Renounce Religion


You were on level 4 of the Depths.
You worshipped Okawaru.
Okawaru was exalted by your worship.
You were not hungry.

You visited 5 branches of the dungeon, and saw 25 of its levels.
You also visited: Ice Cave.

You collected 3605 gold pieces.
You spent 2642 gold pieces at shops.

Inventory:

Hand Weapons
 a - the +8 hunting sling of Victory (weapon) {freeze, Str+4}
   (You found it on level 1 of the Depths)

   It causes projectiles fired from it to freeze those they strike, causing
   extra injury to most foes and up to half again as much damage against
   particularly susceptible opponents.
   They can also slow down cold-blooded creatures.
   It affects your strength (+4).
 b - a +7 blowgun
Missiles
 e - 371 stones (quivered)
 j - 105 poisoned needles
 M - 16 curare-tipped needles
 S - 5 needles of confusion
Armour
 m - a +2 cloak of poison resistance (worn)
 n - a +2 pair of gloves of dexterity (worn)
 p - a scarf of resistance
 v - the +0 buckler "Cumuq" (worn) {rF++ Str+4}
   (You bought it in a shop on level 2 of the Orcish Mines)

   It affects your strength (+4).
   It greatly protects you from fire.
 F - a +1 helmet
 O - a +0 hat of intelligence (worn)
 T - a +2 pair of boots of stealth (worn)
 V - a +3 plate armour
 X - +6 gold dragon scales (worn)
Jewellery
 i - an amulet of guardian spirit (around neck)
 k - an uncursed ring of resist corrosion
 l - an uncursed ring of flight
 E - the ring "Nere" (left hand) {*Contam rC+ Str+4 Int+2 Slay+4}
   (You bought it in a shop on level 2 of the Orcish Mines)

   [ring of intelligence]

   It affects your strength (+4).
   It affects your intelligence (+2).
   It affects your accuracy and damage with ranged weapons and melee attacks
   (+4).
   It protects you from cold.
   It causes magical contamination when unequipped.
 G - an uncursed ring of protection from magic
 P - a +6 ring of slaying (right hand)
Wands
 c - a wand of acid (18)
 o - a wand of clouds (2)
 R - a wand of paralysis (21)
 Z - a wand of digging (12)
Scrolls
 g - 3 scrolls of fog {!r}
 h - 4 scrolls of blinking {!r}
 q - 8 scrolls of teleportation {!r}
 z - 11 scrolls of remove curse {!r}
 A - 5 scrolls of fear {!r}
 D - 3 scrolls of magic mapping {!r}
 I - 5 scrolls of identify {!r}
 Q - 7 scrolls of amnesia {!r}
Potions
 d - a potion of might {!q}
 r - 5 potions of cancellation {!q}
 s - 2 potions of heal wounds {!q}
 t - a potion of brilliance {!q}
 y - a potion of resistance {!q}
 B - 5 potions of flight {!q}
 H - 2 potions of haste {!q}
 K - a potion of magic {!q}
 L - 7 potions of curing {!q}
 N - 9 potions of agility {!q}
 W - a potion of lignification {!q}
Comestibles
 f - 9 bread rations
 u - 2 meat rations


   Skills:
 * Level 16.4 Fighting
   Level 2.4 Short Blades
 + Level 19.4 Slings
 * Level 16.6 Armour
 * Level 16.5 Dodging
 * Level 16.5 Shields
 - Level 12.0 Invocations
 - Level 6.0 Evocations


You had 3 spell levels left.
You knew the following spells:

 Your Spells              Type           Power        Failure   Level  Hunger
a - Song of Slaying       Chrm           #.......     30%         2    ###....
b - Beastly Appendage     Tmut           #.....       22%         1    ##.....
c - Poisonous Vapours     Pois/Air       #.....       30%         2    ###....
d - Summon Butterflies    Summ           #.......     22%         1    ##.....
e - Mephitic Cloud        Conj/Pois/Air  #.......     50%         3    ####...
f - Sublimation of Blood  Necr           #.........   30%         2    ###....
g - Apportation           Tloc           #.....       22%         1    ##.....
r - Regeneration          Chrm/Necr      #.........   50%         3    ####...
v - Blink                 Tloc           N/A          30%         2    ###....


Dungeon Overview and Level Annotations

Branches:
Dungeon (15/15)            Temple (1/1) D:4            Lair (0/6) D:9
    Orc (2/2) D:12            Elf (3/3) Orc:2        Vaults (0/5) D:13
 Depths (4/5) D:15

Altars:
Ashenzari
Cheibriados
Dithmenos
Elyvilon
Fedhas
Gozag
Hepliaklqana
Kikubaaqudgha
Makhleb
Nemelex Xobeh
Okawaru
Ru
Sif Muna
Trog
Uskayaw
Vehumet
Wu Jian
Xom
The Shining One
Beogh

Shops:
D:6 }   D:8 ?   D:15 (   Orc:2 (=[*   Elf:2 *   Elf:3 ?   Depths:2 *

Portals:
Hell: Depths:1 Depths:2 Depths:3 Depths:4
Abyss: Depths:3
Pandemonium: Depths:3
Trove: D:13 (give 17 potions of curing)


Innate Abilities, Weirdness & Mutations

You are small and have problems with some larger weapons.
You are somewhat resistant to further mutation.
You have a pair of small antennae on your head.
Your mind is acute. (Int +2)
You are resistant to hostile enchantments. (MR+)
You are very weak. (Str -4)
Your spells are easier to cast, but less powerful.
You expend magic power (3 MP) to strengthen your wands.


Message History

Aim: an acid blob (lightly wounded)
You shoot a sling bullet. The sling bullet hits the acid blob!
The sling bullet freezes the acid blob.
The acid blob is moderately wounded.
The spriggan air mage hits you but does no damage.
Firing (i - inventory):
e - 374 stones (quivered)
Press: ? - help, Shift-Dir - straight line, f/p - acid blob
Aim: an acid blob (moderately wounded)
You shoot a stone. The stone hits the acid blob!
The stone freezes the acid blob.
The acid blob is heavily wounded.
The acid blob spits acid at you. The splash of acid hits you!
* * * LOW HITPOINT WARNING * * *
You are splashed with acid!
The acid burns!
* * * LOW HITPOINT WARNING * * *
Firing (i - inventory):
e - 373 stones (quivered)
Press: ? - help, Shift-Dir - straight line, f/p - acid blob
Aim: an acid blob (heavily wounded)
You shoot a stone. The stone hits the acid blob!!
The stone freezes the acid blob!
The acid blob is severely wounded.
The spriggan air mage closely misses you.
Firing (i - inventory):
e - 372 stones (quivered)
Press: ? - help, Shift-Dir - straight line, f/p - acid blob
Aim: an acid blob (severely wounded)
You shoot a stone. The stone hits the acid blob!!
The stone freezes the acid blob.
You kill the acid blob!
Okawaru accepts your kill. The spriggan air mage hits you.
* * * LOW HITPOINT WARNING * * *
Really quaff
s - 3 potions of heal wounds {!q}?
You feel much better.
The spriggan air mage hits you but does no damage.
Firing (i - inventory):
e - 371 stones (quivered)
Press: ? - help, Shift-Dir - straight line, f - spriggan air mage
Aim: a spriggan air mage, wearing a robe (heavily wounded, poisoned, deflecting missiles)
Okay, then.
Casting: Poisonous Vapours
Confirm with . or Enter, or press ? or * to list all spells.
Okay, then.
Really quaff
K - 2 potions of magic {!q}?
Magic courses through your body.
The spriggan air mage waves its arms in wide circles.
The air twists around and strikes you!
* * * LOW HITPOINT WARNING * * *
Casting: Poisonous Vapours
Confirm with . or Enter, or press ? or * to list all spells.
Okay, then.
Casting: Poisonous Vapours
Confirm with . or Enter, or press ? or * to list all spells.
Aiming: Poisonous Vapours
Press: ? - help, Dir - move target cursor, f - spriggan air mage
Aim: a spriggan air mage, wearing a robe (heavily wounded, poisoned, deflecting missiles) Poisonous vapours surround the spriggan air mage!
The spriggan air mage looks more healthy.
The spriggan air mage is engulfed in poison gas.
The spriggan air mage is poisoned.
The spriggan air mage gestures at you while chanting.
The bolt of lightning hits you!
* * * LOW HITPOINT WARNING * * *
The bolt of lightning hits you!
You die...

. #(.. ##.#(..#
.#. ##i###..#((.#
.#(..#(.(#...#(..#
('..(((∩.'...'(..#
.#...#..(#...#(#.#
.#.. ##(###..#)#.#
.# ##...###.#(#.#
#.....####i#.#{
#.......##@.#.#
.####J####.....#
..........(....#
##.##.###(.....#
......(......#
#.##..###.....#
#.... #.#'#.# ###
#.#.#†# #<#.#.#


You could see a spriggan air mage.

Vanquished Creatures
  Mara (Depths:2)
  Frederick (Depths:2)
  5 caustic shrikes (Depths:4)
  4 golden dragons
  A tentacled monstrosity (Depths:3)
  4 deep elf blademasters
  Asterion (Elf:3)
  2 acid blobs (Depths:4)
  2 deep elf master archers (Elf:3)
  3 sphinxes
  2 shadow dragons (Depths:3)
  A storm dragon (Depths:3)
  A tengu reaver (Depths:3)
  2 fire giants
  An azure jelly (Depths:4)
  Louise (Elf:3)
  2 orc warlords (Orc:1)
  5 deep elf sorcerers (Elf:3)
  An iron dragon (Depths:3)
  2 frost giants
  Aizul (Elf:3)
  3 deep elf elementalists
  A caustic shrike skeleton (D:15)
  A reaper (Depths:1)
  The ghost of mortelune the Cleaver, a journeyman DsGl of Okawaru (Orc:1)
  13 very ugly things
  15 stone giants
  A spriggan defender (Depths:3)
  A draconian annihilator (Depths:2)
  2 vampire knights
  6 deep elf demonologists
  12 deep elf annihilators
  4 spark wasps (Depths:3)
  4 ettins
  8 statues (Depths:2)
  A green death (Depths:1)
  8 deep elf death magi
  3 deep elf high priests (Elf:3)
  6 fire dragons
  An ogre mage (D:13)
  5 great orbs of eyes
  Erolcha (D:9)
  4 yaktaur captains
  Fannar (Orc:1)
  A vault guard (D:13)
  2 hydras
  An ice dragon (Depths:3)
  A hell beast (Depths:4)
  5 spriggan air magi
  4 centaur warriors
  A two-headed ogre (shapeshifter) (D:15)
  The ghost of Doomer the Cleaver, a novice MiMo of the Shining One (Orc:1)
  18 dancing weapons
  9 two-headed ogres
  A death knight (D:15)
  2 tengu warriors
  4 deep troll shamans
  2 alligators (shapeshifter)
  16 deep troll earth magi
  4 orc high priests (Orc:2)
  A sun demon (Depths:4)
  Sonja (D:10)
  A vampire mage (Depths:3)
  6 spriggan berserkers
  A soul eater (Depths:1)
  2 spriggans
  A fire crab (shapeshifter) (Depths:1)
  A skeletal warrior (D:14)
  11 deep elf knights
  A shadow wraith (Depths:1)
  20 deep trolls
  8 iron trolls
  2 unseen horrors
  A glowing orange brain (shapeshifter) (Depths:1)
  A flayed ghost (D:15)
  12 deep elf archers
  5 wizards
  4 necromancers
  4 orc knights
  2 phantasmal warriors (Depths:2)
  7 orc sorcerers
  A wolf spider (Depths:1)
  Pikel (D:8)
  2 harpies (shapeshifter)
  5 cyclopes
  40 ugly things
  50 deep elf magi
  A salamander (Depths:3)
  A manticore (D:13)
  A cyclops (shapeshifter) (Depths:3)
  3 large abominations
  2 ice statues (IceCv)
  An iron dragon skeleton (Depths:4)
  Maurice (Orc:1)
  2 rime drakes (Orc:1)
  A gargoyle (D:14)
  A yaktaur zombie (D:15)
  17 yaktaurs
  2 kobold demonologists
  A demonic crawler (Depths:1)
  8 ice devils (IceCv)
  2 tengu conjurers
  An efreet (D:14)
  7 trolls
  A guardian mummy (D:15)
  2 meliai (shapeshifter) (Depths:3)
  3 hornets
  A raiju (shapeshifter) (Depths:1)
  12 slime creatures
  3 hippogriffs
  An ettin zombie (D:15)
  An ice dragon zombie (D:15)
  A redback (shapeshifter) (Elf:2)
  4 air elementals
  4 shadows
  2 wraiths
  4 water elementals
  A golden eye (shapeshifter) (Elf:3)
  A wyvern (D:8)
  5 yaks (D:11)
  2 fire elementals (D:14)
  7 vampire mosquitoes
  3 hungry ghosts
  A chaos spawn (Depths:1)
  A small abomination (Depths:1)
  Menkaure (D:7)
  An insubstantial wisp (Depths:1)
  3 acid dragons
  3 slaves (D:8)
  3 ice beasts
  A black bear (shapeshifter) (Depths:2)
  39 orc warriors
  2 sky beasts (D:11)
  4 eyes of draining
  5 phantoms
  A boggart (shapeshifter) (D:15)
  3 boggarts (Depths:1)
  6 centaurs
  10 ogres
  2 elf zombies (Elf:1)
  Blork the orc (D:4)
  6 big kobolds
  6 bullfrogs
  A gnoll sergeant (D:7)
  A glowing shapeshifter simulacrum (Depths:4)
  2 earth elementals (Elf:3)
  5 scorpions
  4 killer bees (D:8)
  7 howler monkeys
  11 wights
  5 crimson imps
  2 centaur zombies
  A bullfrog zombie (D:7)
  A draconian simulacrum (IceCv)
  4 jellies
  24 orc priests
  6 hounds
  6 centaur skeletons
  2 bullfrog skeletons (D:5)
  A hell rat (Depths:1)
  8 iguanas
  32 orc wizards
  3 troll simulacra (IceCv)
  10 worker ants
  A centaur simulacrum (IceCv)
  2 worker ant zombies
  A howler monkey skeleton (D:5)
  12 gnolls
  An ogre simulacrum (IceCv)
  12 adders
  4 naga simulacra (IceCv)
  3 shadow imps
  2 oozes
  An adder zombie (D:5)
  5 adder skeletons
  4 worms
  9 dart slugs
  6 leopard geckos
  95 orcs
  A ball python (D:4)
  9 giant cockroaches
  12 goblins
  6 hobgoblins
  10 jackals
  4 quokkas
  3 bats
  5 frilled lizards
  16 kobolds
  A leopard gecko skeleton (D:5)
  A quokka skeleton (D:4)
  8 rats
  2 crawling corpses (Elf:3)
  4 fire vortices (Depths:2)
993 creatures vanquished.

Vanquished Creatures (others)
  A frilled lizard (D:4)
  A fungus (D:3)
  8 plants
  6 withered plants (D:15)
16 creatures vanquished.

Grand Total: 1009 creatures vanquished

Notes
Turn   | Place    | Note
-------+----------+-------------------------------------------
     0 | D:1      | Amnesiac the Halfling Fighter began the quest for the Orb.
     0 | D:1      | Reached XP level 1. HP: 15/15 MP: 1/1
   116 | D:1      | Reached XP level 2. HP: 19/21 MP: 2/2
   371 | D:1      | Reached XP level 3. HP: 25/26 MP: 3/3
   843 | D:2      | Reached XP level 4. HP: 5/33 MP: 4/4
   871 | D:2      | HP: 1/33 [goblin (3)]
   877 | D:2      | Reached skill level 11 in Slings
   877 | D:2      | Reached XP level 5. HP: 2/42 MP: 5/5
  1520 | D:2      | Found a faded altar of an unknown god.
  1701 | D:3      | Found a hide-covered altar of Uskayaw.
  1967 | D:3      | Found a shattered altar of Ashenzari.
  1971 | D:3      | Saw a vision of the Swamp and the Spider Nest.
  1971 | D:3      | Noticed a redback
  1971 | D:3      | Noticed a redback
  1971 | D:3      | Noticed a redback
  1971 | D:3      | Noticed a hornet
  1971 | D:3      | Noticed a swamp drake
  1971 | D:3      | Noticed a wolf spider
  1973 | D:3      | Noticed a swamp drake
  2102 | D:3      | Reached XP level 6. HP: 26/49 MP: 6/6
  2882 | D:4      | Noticed Blork the orc
  2895 | D:4      | Killed Blork the orc
  2915 | D:4      | Found a white marble altar of Elyvilon.
  2954 | D:4      | Reached XP level 7. HP: 52/54 MP: 7/7
  3143 | D:4      | Reached skill level 12 in Slings
  3562 | D:4      | Found a snail-covered altar of Cheibriados.
  3586 | D:4      | Found a staircase to the Ecumenical Temple.
  3650 | Temple   | Entered the Ecumenical Temple
  3664 | Temple   | Became a worshipper of Warmaster Okawaru
  3703 | D:5      | Entered Level 5 of the Dungeon
  3858 | D:5      | Found a shadowy altar of Dithmenos.
  3889 | D:5      | Reached XP level 8. HP: 60/60 MP: 8/8
  4237 | D:5      | Reached * piety under Okawaru
  4435 | D:5      | Reached skill level 5 in Armour
  4435 | D:5      | Reached skill level 5 in Shields
  4464 | D:5      | Found an opulent altar of Gozag.
  4781 | D:6      | Found Duidexav's Gadget Boutique.
  4870 | D:6      | Reached XP level 9. HP: 48/64 MP: 9/9
  4920 | D:6      | Found a hazy altar of Hepliaklqana.
  5499 | D:7      | Reached skill level 1 in Invocations
  5606 | D:7      | Noticed Menkaure
  5615 | D:7      | Killed Menkaure
  5787 | D:7      | Reached ** piety under Okawaru
  6091 | D:7      | Found a deep blue altar of Sif Muna.
  6558 | D:8      | Found Ociwij's Magic Scroll Shop.
  6785 | D:8      | Reached skill level 5 in Invocations
  6978 | D:8      | Found a blossoming altar of Fedhas.
  6995 | D:8      | Reached XP level 10. HP: 69/71 MP: 12/14
  7091 | D:8      | Found a sparkling altar of Nemelex Xobeh.
  7109 | D:8      | Noticed a two-headed ogre
  7123 | D:8      | Killed a two-headed ogre
  7136 | D:8      | Reached *** piety under Okawaru
  7567 | D:9      | Learned a level 1 spell: Magic Dart
  7570 | D:9      | Learned a level 2 spell: Blink
  7572 | D:9      | Learned a level 1 spell: Beastly Appendage
  7576 | D:9      | Learned a level 3 spell: Mephitic Cloud
  7658 | D:9      | Noticed a two-headed ogre
  7663 | D:9      | Noticed Pikel
  7701 | D:8      | Killed a two-headed ogre
  7896 | D:8      | Killed Pikel
  7896 | D:8      | Reached **** piety under Okawaru
  7984 | D:9      | Noticed Erolcha
  7999 | D:9      | Killed Erolcha
  7999 | D:9      | Reached XP level 11. HP: 48/75 MP: 12/17
  8022 | D:9      | Found a staircase to the Lair.
  8282 | D:9      | Reached ***** piety under Okawaru
  8295 | D:9      | Received a gift from Okawaru
  8465 | D:9      | Found a glowing golden altar of the Shining One.
  8865 | D:9      | Found a shimmering altar of Xom.
  8883 | D:10     | Entered Level 10 of the Dungeon
  8883 | D:10     | Noticed Sonja
  8887 | D:10     | Killed Sonja
  9005 | D:10     | Noticed a two-headed ogre
  9016 | D:10     | Killed a two-headed ogre
  9016 | D:10     | Received a gift from Okawaru
  9411 | D:10     | Noticed a cyclops
  9425 | D:10     | Killed a cyclops
  9789 | D:11     | Received a gift from Okawaru
  9888 | D:11     | Reached skill level 13 in Slings
  9927 | D:11     | Received a gift from Okawaru
 10274 | D:11     | Noticed a seven-headed hydra
 10284 | D:11     | Killed a seven-headed hydra
 10284 | D:11     | Reached XP level 12. HP: 76/84 MP: 16/18
 10767 | D:11     | Received a gift from Okawaru
 10978 | D:12     | Found a staircase to the Orcish Mines.
 11098 | D:12     | Received a gift from Okawaru
 11334 | D:12     | Reached ****** piety under Okawaru
 11439 | D:13     | Noticed a two-headed ogre
 11460 | D:13     | Killed a two-headed ogre
 11460 | D:13     | Received a gift from Okawaru
 11463 | D:13     | Noticed an ogre mage
 11468 | D:13     | Paralysed by an ogre mage for 2 turns
 11471 | D:13     | Noticed a two-headed ogre
 11472 | D:13     | Noticed a two-headed ogre
 11484 | D:13     | Killed an ogre mage
 11666 | D:12     | Killed a two-headed ogre
 11677 | D:13     | Killed a two-headed ogre
 11847 | D:13     | Reached skill level 10 in Fighting
 11858 | D:13     | Found a portal to a secret trove of treasure.
 11892 | D:13     | Reached skill level 14 in Slings
 11892 | D:13     | Reached XP level 13. HP: 76/92 MP: 15/19
 12034 | D:13     | Noticed a vault guard
 12088 | D:13     | Killed a vault guard
 12088 | D:13     | Received a gift from Okawaru
 12336 | D:13     | Got a steaming ring mail
 12970 | D:13     | Found a gate to the Vaults.
 13133 | D:14     | Received a gift from Okawaru
 13136 | D:14     | Got a twisted ring mail {god gift}
 13147 | D:14     | Identified the +1 ring mail of Tudas {rPois Regen+ Str-4 Dex+7} (Okawaru gifted it to you on level 14 of the Dungeon)
 13157 | D:14     | Identified the +3 ring mail "Jahumnys" {+Inv rPois rC- Dex-2} (You found it on level 13 of the Dungeon)
 13349 | D:14     | Found a white marble altar of Elyvilon.
 14097 | D:15     | Entered Level 15 of the Dungeon
 14129 | D:15     | Noticed a centaur warrior
 14143 | D:15     | Killed a centaur warrior
 15246 | D:14     | Reached XP level 14. HP: 96/101 MP: 20/20
 15370 | D:15     | Received a gift from Okawaru
 15370 | D:15     | Reached skill level 15 in Slings
 15514 | D:15     | Found a staircase to the Depths.
 15523 | D:15     | Received a gift from Okawaru
 15707 | D:14     | Reached skill level 10 in Dodging
 15894 | D:14     | Gained mutation: You are weak. (Str -2) [mutagenic meat]
 16179 | D:14     | Reached skill level 10 in Armour
 16184 | D:14     | Gained mutation: Your spells are a little easier to cast, but a little less powerful. [mutagenic meat]
 16389 | D:15     | Reached skill level 10 in Shields
 16650 | D:14     | Gained mutation: You have supernaturally acute eyesight. (SInv) [mutagenic meat]
 17372 | D:15     | Found a burning altar of Makhleb.
 17590 | D:15     | Found Coolaj's Weapon Shoppe.
 17714 | D:15     | Lost mutation: You have supernaturally acute eyesight. (SInv) [mutagenic meat]
 17717 | D:15     | Gained mutation: You have a pair of small antennae on your head. [mutagenic meat]
 18184 | D:15     | Received a gift from Okawaru
 18392 | Orc:1    | Entered Level 1 of the Orcish Mines
 18520 | Orc:2    | Entered Level 2 of the Orcish Mines
 18520 | Orc:2    | Noticed Maurice
 18561 | Orc:1    | Killed Maurice
 18647 | Orc:2    | Found a bloodstained altar of Trog.
 18657 | Orc:1    | Noticed mortelune's ghost (journeyman DsGl)
 18777 | Orc:1    | Found a frozen archway.
 18786 | IceCv    | Entered an ice cave
 19231 | IceCv    | Received a gift from Okawaru
 19420 | IceCv    | Reached XP level 15. HP: 72/109 MP: 13/21
 19423 | IceCv    | Got a scorched quarterstaff
 19443 | IceCv    | Got a slimy spear
 19444 | IceCv    | Identified the +1 spear "Joebrom" {pierce, Dex+2 SInv} (You found it in an ice cave)
 19804 | Orc:1    | Killed mortelune's ghost
 19818 | Orc:1    | Reached skill level 16 in Slings
 19879 | Orc:1    | Noticed Doomer's ghost (novice MiMo)
 19900 | Orc:1    | Killed Doomer's ghost
 19928 | Orc:1    | Noticed Fannar
 19956 | Orc:1    | Killed Fannar
 20452 | Orc:2    | Found a staircase to the Elven Halls.
 20488 | Orc:2    | Received a gift from Okawaru
 20554 | Orc:2    | Found a roughly hewn altar of Beogh.
 20644 | Orc:2    | Noticed an orc warlord
 20755 | Orc:1    | Killed an orc warlord
 21054 | Orc:2    | Noticed an orc warlord
 21054 | Orc:2    | Paralysed by an orc sorcerer for 6 turns
 21088 | Orc:1    | Reached skill level 1 in Evocations
 21143 | Orc:1    | Killed an orc warlord
 21353 | Orc:2    | Received a gift from Okawaru
 21854 | Orc:2    | Found Qitonabe's General Store.
 21855 | Orc:2    | Found Hileh's Jewellery Boutique.
 21856 | Orc:2    | Found Qekusurch's Antique Armour Boutique.
 21856 | Orc:2    | Found Gajaolom's Antique Weapon Shop.
 21870 | Orc:2    | Bought a scroll of blinking for 90 gold pieces
 21871 | Orc:2    | Bought the ring "Nere" {*Contam rC+ Str+4 Int+2 Slay+4} for 575 gold pieces
 22293 | Orc:2    | Bought a transparent buckler for 237 gold pieces
 22293 | Orc:2    | Bought a glowing helmet for 187 gold pieces
 22303 | Orc:2    | Identified the +0 buckler "Cumuq" {rF++ Str+4} (You bought it in a shop on level 2 of the Orcish Mines)
 22331 | Orc:2    | Bought 28 stones for 33 gold pieces
 22405 | Elf:1    | Entered Level 1 of the Elven Halls
 23061 | D:15     | Gained mutation: You are very weak. (Str -4) [mutagenic meat]
 23331 | Elf:1    | Identified the Guide on Necromancy
 23373 | Elf:1    | Reached XP level 16. HP: 99/117 MP: 20/23
 24131 | Elf:2    | Received a gift from Okawaru
 24294 | Elf:2    | Received a gift from Okawaru
 24443 | Elf:2    | Received a gift from Okawaru
 24804 | Elf:2    | Found Jesosoc's Assorted Antiques.
 24807 | Elf:2    | Bought a scroll of enchant weapon for 262 gold pieces
 24807 | Elf:2    | Bought a glowing helmet for 262 gold pieces
 24893 | Elf:2    | Learned a level 3 spell: Regeneration
 24896 | Elf:2    | Found a runed gate.
 24896 | Elf:2    | Found a runed gate.
 24896 | Elf:2    | Found a runed gate.
 25256 | Elf:2    | Received a gift from Okawaru
 25263 | Elf:2    | Reached skill level 10 in Invocations
 25320 | Elf:2    | Noticed a deep elf blademaster
 25360 | Elf:2    | Killed a deep elf blademaster
 25617 | Elf:2    | Reached XP level 17. HP: 124/124 MP: 24/24
 25796 | Elf:3    | Entered Level 3 of the Elven Halls
 25796 | Elf:3    | Noticed Asterion
 25808 | Elf:3    | Killed Asterion
 25891 | Elf:3    | Found an ancient bone altar of Kikubaaqudgha.
 25958 | Elf:3    | Noticed a deep elf blademaster
 25992 | Elf:3    | Killed a deep elf blademaster
 26003 | Elf:3    | Reached skill level 17 in Slings
 26208 | Elf:3    | Noticed Louise
 26220 | Elf:3    | Killed Louise
 26220 | Elf:3    | Received a gift from Okawaru
 26256 | Elf:3    | Received a gift from Okawaru
 26302 | Elf:3    | Found Keuz's Magic Scroll Boutique.
 26401 | Elf:3    | Learned a level 2 spell: Song of Slaying
 26553 | Elf:3    | Bought a scroll of brand weapon for 360 gold pieces
 26607 | Elf:3    | Noticed Aizul
 26627 | Elf:3    | Killed Aizul
 27302 | Elf:3    | Noticed a deep elf blademaster
 27305 | Elf:3    | Noticed a deep elf master archer
 27315 | Elf:3    | Killed a deep elf blademaster
 27319 | Elf:3    | Killed a deep elf master archer
 27319 | Elf:3    | Reached skill level 5 in Evocations
 27322 | Elf:3    | Received a gift from Okawaru
 27323 | Elf:3    | Noticed a Hell Sentinel
 27662 | Elf:3    | Noticed a deep elf master archer
 27683 | Elf:3    | Received a gift from Okawaru
 27865 | Elf:3    | Reached XP level 18. HP: 112/131 MP: 26/26
 27914 | Elf:3    | Received a gift from Okawaru
 28032 | Elf:3    | Learned a level 2 spell: Poisonous Vapours
 28053 | Elf:3    | Killed a deep elf master archer
 28186 | Elf:3    | Noticed a deep elf blademaster
 28194 | Elf:3    | Killed a deep elf blademaster
 28286 | Elf:3    | Got a clouded amber ring
 28314 | Elf:3    | Got a crude ruby amulet
 28316 | Elf:3    | Got a warped rapier {protect}
 28316 | Elf:3    | Got a crude tin ring
 28355 | Elf:3    | Identified the +10 rapier of Impeachment {protect, Int+2} (You took it off a deep elf demonologist on level 3 of the Elven Halls)
 28371 | Elf:3    | Identified the Handbook of Glacial Talismans
 28421 | Elf:3    | Learned a level 1 spell: Summon Butterflies
 28424 | Elf:3    | Learned a level 2 spell: Sublimation of Blood
 28431 | Elf:3    | Identified the ring of Xom's Wantonness {rPois rC++ rN+ Str+4 Int+2} (You took it off a deep elf blademaster on level 3 of the Elven Halls)
 28439 | Elf:3    | Identified the amulet "Myfren" {Gourm *Slow rPois MR+ Dex+4} (You took it off a deep elf death mage on level 3 of the Elven Halls)
 28441 | Elf:3    | Identified the ring of Myujagg {rC- rN+ MR+++ Str-3 Stlth+} (You took it off a deep elf demonologist on level 3 of the Elven Halls)
 28688 | Orc:2    | Bought a fustibalus for 480 gold pieces
 28888 | Depths:1 | Entered Level 1 of the Depths
 29239 | Depths:1 | Received a gift from Okawaru
 29336 | Depths:1 | Gained mutation: Armour fits poorly on your strangely shaped body. [mutagenic meat]
 29409 | Depths:1 | Found a gateway to Hell.
 29802 | Depths:1 | Found a runed gate.
 29802 | Depths:1 | Found a runed gate.
 29802 | Depths:1 | Found a runed gate.
 30523 | Depths:1 | Got a bone hunting sling
 30886 | Depths:2 | Reached XP level 19. HP: 137/137 MP: 27/27
 30919 | Depths:1 | Lost mutation: Armour fits poorly on your strangely shaped body. [mutagenic meat]
 31248 | Depths:2 | Reached skill level 18 in Slings
 31424 | Depths:2 | Received a gift from Okawaru
 31447 | Depths:2 | Gained mutation: Your spells are easier to cast, but less powerful. [mutagenic meat]
 31734 | Depths:2 | Reached skill level 15 in Fighting
 31820 | Depths:2 | Gained mutation: You are resistant to hostile enchantments. (MR+) [mutagenic meat]
 31821 | Depths:2 | Gained mutation: You expend magic power (3 MP) to strengthen your wands. [mutagenic meat]
 31976 | Depths:2 | Noticed Mara
 31985 | Depths:2 | Noticed Amnesiac's illusion
 32086 | Depths:2 | Killed Mara
 32100 | Depths:2 | Identified the +8 hunting sling of Victory {freeze, Str+4} (You found it on level 1 of the Depths)
 32197 | Depths:2 | Found Wuse's Pet Rocks.
 32303 | Depths:2 | Bought 17 sling bullets for 119 gold pieces
 32303 | Depths:2 | Bought 27 stones for 37 gold pieces
 32379 | Depths:2 | Found a bloodstained altar of Trog.
 33039 | Depths:2 | Reached skill level 15 in Armour
 33058 | Depths:2 | Reached skill level 15 in Dodging
 33096 | Depths:2 | Reached skill level 15 in Shields
 33146 | Depths:2 | Received a gift from Okawaru
 33149 | Depths:2 | Identified 2 scrolls of acquirement {!r}
 33152 | Depths:2 | Got a translucent hunting sling
 33153 | Depths:2 | Identified the +1 hunting sling "Joih" {flame, rF+ MR+ Int+2 SInv} (You acquired it on level 2 of the Depths)
 33173 | Depths:2 | Found a radiant altar of Vehumet.
 33173 | Depths:2 | Noticed Frederick
 33189 | Depths:2 | Killed Frederick
 33189 | Depths:2 | Reached XP level 20. HP: 80/145 MP: 12/28
 34066 | Depths:2 | Received a gift from Okawaru
 34481 | Depths:3 | Found a one-way gate leading to the halls of Pandemonium.
 34621 | Depths:3 | Received a gift from Okawaru
 34624 | Depths:3 | Got a bloodstained hunting sling {god gift}
 34625 | Depths:3 | Identified the +1 hunting sling of the Puffin {freeze, rF++} (Okawaru gifted it to you on level 3 of the Depths)
 34725 | Depths:3 | Gained mutation: Your mind is acute. (Int +2) [mutagenic meat]
 34749 | Depths:3 | Found a one-way gate to the infinite horrors of the Abyss.
 34837 | Depths:3 | Noticed a tentacled monstrosity
 34845 | Depths:3 | Killed a tentacled monstrosity
 35014 | Depths:3 | Reached XP level 21. HP: 143/153 MP: 30/30
 35050 | Depths:3 | Noticed a golden dragon
 35050 | Depths:3 | Noticed a golden dragon
 35065 | Depths:3 | Received a gift from Okawaru
 35074 | Depths:3 | Killed a golden dragon
 35079 | Depths:3 | Reached skill level 19 in Slings
 35092 | Depths:3 | Killed a golden dragon
 35549 | Depths:3 | Noticed a golden dragon
 35565 | Depths:3 | Killed a golden dragon
 35565 | Depths:3 | Received a gift from Okawaru
 35568 | Depths:3 | Got a bloodstained robe {god gift}
 35585 | Depths:3 | Learned a level 1 spell: Apportation
 36003 | Depths:4 | Noticed a caustic shrike
 36003 | Depths:4 | Noticed a golden dragon
 36017 | Depths:4 | Killed a caustic shrike
 36021 | Depths:4 | Killed a golden dragon
 36024 | Depths:4 | Noticed a caustic shrike
 36024 | Depths:4 | Noticed a caustic shrike
 36024 | Depths:4 | Noticed a caustic shrike
 36037 | Depths:4 | Killed a caustic shrike
 36048 | Depths:4 | Killed a caustic shrike
 36052 | Depths:4 | Killed a caustic shrike
 36055 | Depths:4 | Noticed a caustic shrike
 36063 | Depths:4 | Killed a caustic shrike
 36269 | Depths:4 | HP: 6/154 [spriggan air mage/bolt of lightning (16)]
 36269 | Depths:4 | Killed from afar by a spriggan air mage

Vault maps used:
D:1:      minmay_arrival_solitary_statue
D:2:      chequers_ecumenical_altar_grove, kennysheep_cross_bottleneck,
          kennysheep_generic_room_13
D:3:      kennysheep_slugbush, eat_drink_and_be_merry_uskayaw, first_bread,
          solitary_fountain, grunt_ashenzari_visionary
D:4:      elyvilon_altar_4, overflow_temple_1_default,
          minmay_temple_entry_fiery, uniq_blork_the_orc
D:5:      grunt_dithmenos_shadows, grunt_gozag_breadcrumbs
D:6:      kennysheep_big_flooded_room, basic_altar, serial_shops,
          nicolae_shop_crystal
D:7:      basic_altar, uniq_menkaure
D:8:      nicolae_overflow_hidden_temple, serial_shops, shop, fedhas_altar_2
D:9:      cheibrodos_ideogram_h, tso_oasis_becter, kennysheep_little_box,
          lair_entry_dummy, uniq_pikel, uniq_erolcha
D:10:     uniq_sonja
D:12:     orc_0_dummy
D:13:     david_vaults_5, enter_trove_0
D:14:     serial_bayou_pond_d, basic_altar
D:15:     gammafunk_depths_entry_grave, old_standard_altar, serial_shops, shop
Temple:   nicolae_temple_great_sept
Orc:1:    serial_shops, portal_ice_cave_rime, uniq_fannar
Orc:2:    st_orc_congregation, basic_altar, bloody_trog, uniq_maurice
Elf:1:    eino_elf_arrival_the_gate, minmay_elf_necromancy
Elf:2:    serial_shops, nicolae_shop_behind_doors, hangedman_elf_targetted_burst
Elf:3:    grunt_elf_hall_asides, serial_shops, shop_statue, basic_altar,
          guppyfry_elf_castle, uniq_aizul, uniq_asterion, uniq_louise
Depths:1: hangedman_geh_valley, minmay_misc_feat_more_columns, pandoras_box_mu
Depths:2: evilmike_halls_of_destruction, grunt_hell_entry_dis_old,
          lemuel_round_altar, guppyfry_shop_earth, uniq_mara
Depths:3: lemuel_traditional_vault, hell_entry, pan_entry,
          nicolae_abyss_entry_one_way_or_another, hangedman_decor_peaks_small
Depths:4: minmay_the_grid_3x2, serial_shops, bzr_entry_road, abyss_entry,
          special_room, minmay_misc_feat_four_crosses, grunt_mini_vestibule,
          serial_bayou_lagoon_a
IceCv:    ice_cave_tombish

Skill      XL: |  1  2  3  4  5  6  7  8  9 10 11 12 13 14 15 16 17 18 19 20 21 |
---------------+----------------------------------------------------------------+-----
Fighting       | 3 4 6 7 8 10 11 12 13 14 15 16 | 16.4
Slings         | 11 12 13 14 15 16 17 18 19 | 19.4
Dodging        | 6 7 8 9 10 11 12 13 14 15 16 | 16.5
Armour         | 4 5 6 7 8 9 10 11 12 13 14 15 16 | 16.6
Shields        | 4 5 6 7 8 9 10 11 12 13 14 15 16 | 16.5
Invocations    | 5 8 9 10 11 12 | 12.0
Evocations     | 2 4 5 6 |  6.0
Short Blades   | |  2.4

Action                   |  1- 3 |  4- 6 |  7- 9 | 10-12 | 13-15 | 16-18 | 19-21 || total
-------------------------+-------+-------+-------+-------+-------+-------+-------++-------
Melee: Rapier            |   137 |    13 |       |       |       |       |       ||   150
       Dagger            |       |       |       |    34 |       |       |       ||    34
       Demon blade       |       |       |       |       |    42 |     1 |       ||    43
 Fire: Hunting sling     |       |   155 |   655 |   784 |  1871 |   941 |  1205 ||  5611
       Blowgun           |       |       |    10 |       |       |       |       ||    10
       Fustibalus        |       |       |       |       |       |    27 |       ||    27
 Cast: Poisonous Vapours |       |       |       |       |       |       |     2 ||     2
Invok: Heroism           |       |       |       |     2 |     3 |     3 |     6 ||    14
       Finesse           |       |       |       |     1 |     1 |     3 |     6 ||    11
Evoke: Wand              |       |       |       |     2 |     5 |     1 |     1 ||     9
  Use: Potion            |       |     5 |       |       |     2 |     2 |     5 ||    14
       Scroll            |       |       |    14 |       |    12 |    14 |    13 ||    53
  Eat: Chunk             |       |     6 |    12 |    10 |    41 |    18 |    25 ||   112
       Royal jelly       |       |       |       |     3 |     3 |       |       ||     6
       Fruit             |       |       |       |     4 |     7 |       |       ||    11
       Meat ration       |       |       |       |       |     3 |       |       ||     3
       Bread ration      |       |       |       |       |       |     2 |     1 ||     3
Armor: Scale mail        |    61 |     6 |       |       |    69 |    50 |       ||   186
       Plate armour      |       |     3 |    51 |    77 |   105 |     1 |   125 ||   362
       Chain mail        |       |       |       |       |    21 |     2 |       ||    23
       Gold dragon scale |       |       |       |       |       |       |    41 ||    41
Dodge: Dodged            |    55 |    10 |    71 |   102 |   351 |   163 |   290 ||  1042
Block: Shield            |    58 |    28 |   104 |   135 |   428 |       |       ||   753
       Buckler           |       |       |       |       |     7 |    97 |   166 ||   270
       Rpst.: Demon blade |       |       |       |       |    18 |       |       ||    18

Table legend:
 A = Spawn XP
 B = Non-spawn XP
 C = Spawn XP percentage of total XP
 D = Spawn monster count
 E = Non-spawn monster count
 F = Spawn count percentage of total count
 G = Total turns spent on level
                    A         B        C        D         E        F      G
               +---------+---------+-------+---------+---------+-------+---------
         Total |       0 |  487869 |   0.0 |       0 |     984 |   0.0 | 36269
               +---------+---------+-------+---------+---------+-------+---------
           D:1 |       0 |      33 |   0.0 |       0 |      21 |   0.0 |   610
           D:2 |       0 |      90 |   0.0 |       0 |      29 |   0.0 |  1064
           D:3 |       0 |     118 |   0.0 |       0 |      22 |   0.0 |  1087
           D:4 |       0 |     544 |   0.0 |       0 |      16 |   0.0 |   915
           D:5 |       0 |     716 |   0.0 |       0 |      18 |   0.0 |   930
           D:6 |       0 |     690 |   0.0 |       0 |      15 |   0.0 |   767
           D:7 |       0 |    1066 |   0.0 |       0 |      27 |   0.0 |  1066
           D:8 |       0 |    3405 |   0.0 |       0 |      28 |   0.0 |  1319
           D:9 |       0 |    3283 |   0.0 |       0 |      29 |   0.0 |  1098
          D:10 |       0 |    3423 |   0.0 |       0 |      18 |   0.0 |   865
          D:11 |       0 |    4335 |   0.0 |       0 |      31 |   0.0 |   976
          D:12 |       0 |    4666 |   0.0 |       0 |      21 |   0.0 |   898
          D:13 |       0 |   10347 |   0.0 |       0 |      47 |   0.0 |  1548
          D:14 |       0 |   13495 |   0.0 |       0 |      43 |   0.0 |  3173
          D:15 |       0 |   22965 |   0.0 |       0 |      52 |   0.0 |  2388
         Orc:1 |       0 |   11491 |   0.0 |       0 |      50 |   0.0 |  1530
         Orc:2 |       0 |   14918 |   0.0 |       0 |     110 |   0.0 |  2128
         Elf:1 |       0 |   13769 |   0.0 |       0 |      23 |   0.0 |  1176
         Elf:2 |       0 |   40535 |   0.0 |       0 |      56 |   0.0 |  2291
         Elf:3 |       0 |   64558 |   0.0 |       0 |      54 |   0.0 |  2215
      Depths:1 |       0 |   50195 |   0.0 |       0 |      67 |   0.0 |  2395
      Depths:2 |       0 |   99189 |   0.0 |       0 |     100 |   0.0 |  2868
      Depths:3 |       0 |   77537 |   0.0 |       0 |      64 |   0.0 |  1571
      Depths:4 |       0 |   42011 |   0.0 |       0 |      22 |   0.0 |   369
         IceCv |       0 |    4490 |   0.0 |       0 |      21 |   0.0 |   995
               +---------+---------+-------+---------+---------+-------+---------
